 Dungeon Crawl Stone Soup version 0.31-a0-702-gf82c85558f (webtiles) character file.

Game seed: 14951698108008100502

1579 qw the Skirmisher (level 8, -1/51 HPs)
             Began as a Gargoyle Hunter on Sept 8, 2023.
             Slain by Duvessa
             ... wielding a +2 short sword of venom
              (9 damage)
             ... on level 5 of the Dungeon.
             The game lasted 00:01:46 (3582 turns).

qw the Skirmisher (Gargoyle Hunter)                 Turns: 3582, Time: 00:01:46

Health: -1/51      AC: 10    Str: 15    XL:     8   Next: 91%
Magic:  8/8        EV: 16    Int: 10    God:
Gold:   249        SH:  0    Dex: 15    Spells: 7/7 levels left

rFire   + . .        Y - +0 shortbow
rCold   + . .        (shield currently unavailable)
rNeg    + . .        i - +0 ring mail
rPois   inf          (no helmet)
rElec   +            f - scarf {rC+ rF+}
rCorr   .            (no gloves)
SInv    .            (no boots)
Will    +....        (no amulet)
Stlth   +            a - ring of willpower
HPRegen 0.28/turn    b - +5 ring of evasion
MPRegen 0.11/turn

%: no passive effects
@: no status effects
A: sickness immunity, AC +5, negative energy resistance 1, electricity
resistance, torment resistance 1, petrification resistance
a: no special abilities


You were on level 5 of the Dungeon.
You visited 1 branch of the dungeon, and saw 5 of its levels.

You collected 249 gold pieces.


Innate Abilities, Weirdness & Mutations

You are immune to sickness and miasma.
Your stone body is resilient. (AC +5)
You are immune to poison.
You resist negative energy. (rN+)
You are resistant to electric shocks. (rElec)
You are resistant to unholy torment.
You are immune to petrification.


   Skills:
 - Level 6.0 Fighting
 - Level 10.2 Ranged Weapons
 + Level 1.0 Armour
 - Level 2.0 Dodging
 - Level 1.1 Stealth


You had 7 spell levels left.
You didn't know any spells.
Your spell library was empty.

Inventory:

Hand Weapons
 Y - a +0 shortbow (weapon)
Armour
 f - a scarf of resistance (worn)
 i - a +0 ring mail (worn)
Jewellery
 a - a ring of willpower (left hand)
 b - a +5 ring of evasion (right hand)
 d - a ring of resist corrosion
 o - a ring of protection from cold
Scrolls
 h - 4 scrolls of teleportation
 n - a scroll of identify
Potions
 c - a potion of curing
 e - a potion of heal wounds
 g - a potion of lignification {unknown}
 j - 2 potions of cancellation
 k - a potion of brilliance {unknown}
 l - a potion of attraction {unknown}

Dungeon Overview and Level Annotations

Branches:
Dungeon (5/15)
 Temple: D:4-7

Altars:
Elyvilon
Kikubaaqudgha
Ru

Shops:
D:4 (

Annotations:
D:5 Duvessa


Message History

Your Fighting skill increases to level 6!
You start resting.
You hear the brisk rusting of a very distant drain.
Duvessa, Sister of Dowan comes into view.
She is wielding a +2 short sword of venom.
You shoot an arrow.
Duvessa shouts!
The arrow hits Duvessa.
Duvessa is lightly wounded.
Duvessa goes berserk!
You shoot an arrow.
The arrow hits Duvessa but does no damage.
Duvessa is lightly wounded.
Duvessa hits you with a +2 short sword of venom!
You shoot an arrow. The arrow hits Duvessa.
Duvessa is moderately wounded.
Duvessa closely misses you.
You shoot an arrow. The arrow hits Duvessa!
Duvessa is heavily wounded.
Duvessa barely misses you. x2
You shoot an arrow.
The arrow hits Duvessa but does no damage.
Duvessa is heavily wounded.
Duvessa hits you with a +2 short sword of venom!
You shoot an arrow. The arrow completely misses Duvessa.
Duvessa barely misses you. Duvessa closely misses you.
You shoot an arrow. The arrow barely misses Duvessa.
Duvessa hits you with a +2 short sword of venom.
You shoot an arrow. The arrow hits Duvessa!
Duvessa is heavily wounded.
Duvessa barely misses you. Duvessa misses you.
You shoot an arrow. The arrow closely misses Duvessa.
Duvessa completely misses you.
You shoot an arrow. The arrow completely misses Duvessa.
Duvessa hits you with a +2 short sword of venom.
Duvessa closely misses you.
You shoot an arrow. The arrow barely misses Duvessa.
Duvessa misses you.
You shoot an arrow. The arrow closely misses Duvessa.
Duvessa hits you with a +2 short sword of venom! x2
You die...

.......#.#.#........
........#.#.#..)....
.#..###..#.#.#.#.#.# ..#
##..#.#[#.#.#
#...#.#.#... ###..#.#....
#+#..##..#.#....
+.)...#.#.#.#.#. ##@##
##..#.#.#.#.
###.#e###....#.#.#.#.
........#.....#.#.#.#.#..
.......###.#%..#.#.#.....
..#.#.....).#.#.#.#.#....
##.#.#.#.#)#.#.#.#....
.#.#.#.#.#.#.#.#.#.. ##
#.#.#.#.#.#.#.#.#.##
#.#.#.#%#.#.#.#......


You could see Duvessa (berserk).

Vanquished Creatures
  Pikel (D:5)
  Grinder (D:5)
  Sigmund (D:4)
  An ogre (D:5)
  A black bear (D:5)
  2 lemures (D:5)
  A kobold brigand (D:5)
  4 scorpions
  Dowan (D:5)
  A gnoll bouda (D:4)
  2 hounds
  A sleepcap (D:4)
  4 gnolls (D:4)
  2 adders (D:4)
  A shadow imp (D:4)
  An ufetubus (D:4)
  3 dart slugs
  5 orcs
  10 ball pythons
  A bat (D:3)
  10 endoplasms
  2 giant cockroaches
  6 goblins
  3 hobgoblins
  6 jackals
  3 quokkas
  4 frilled lizards (D:1)
  19 kobolds
  3 rats
100 creatures vanquished.

Notes
Turn   | Place    | Note
-------+----------+-------------------------------------------
     0 | D:1      | qw the Gargoyle Hunter began the quest for the Orb.
     0 | D:1      | Reached XP level 1. HP: 12/12 MP: 1/1
     0 | D:1      | 0 ||| qw: Version: 0.3-a-76-g4403597
     0 | D:1      | 0 ||| qw: Game counter: 1038
     0 | D:1      | 0 ||| qw: Melee chars always use a shield: true
     0 | D:1      | 0 ||| qw: God list: Okawaru
     0 | D:1      | 0 ||| qw: Allow faded altars: false
     0 | D:1      | 0 ||| qw: Do Orc after clearing Dungeon:15 true
     0 | D:1      | 0 ||| qw: Do second Lair branch before Depths: true
     0 | D:1      | 0 ||| qw: Lair rune preference: random
     0 | D:1      | 0 ||| qw: Goals: Normal
     0 | D:1      | 0 ||| PLANNING D:1-11
   243 | D:1      | Reached XP level 2. HP: 17/17 MP: 2/2
   491 | D:1      | Reached XP level 3. HP: 16/21 MP: 3/3
   523 | D:1      | Reached skill level 5 in Ranged Weapons
   975 | D:1      | 975 ||| UPGRADING to scarf of resistance.
   980 | D:1      | 980 ||| UPGRADING to +0 ring mail.
   990 | D:1      | 990 ||| DROPPING +0 leather armour.
   991 | D:1      | 991 ||| READING scroll labelled SATUNE KEUKE.
  1006 | D:1      | 1006 ||| READING scroll labelled CENENE UXOADE.
  1007 | D:1      | 1007 ||| READING scroll labelled AKEDOEMECO.
  1008 | D:1      | 1008 ||| READING 3 scrolls labelled DOUH JITOCH.
  1013 | D:1      | 1013 ||| READING 2 scrolls labelled BYWESU ZAEXASASS.
  1014 | D:1      | 1014 ||| READING scroll labelled WAPTAH ZEMECRE.
  1015 | D:1      | 1015 ||| DROPPING scroll of butterflies.
  1016 | D:1      | 1016 ||| DROPPING scroll of fog.
  1167 | D:2      | Found a white marble altar of Elyvilon.
  1201 | D:2      | Reached skill level 1 in Armour
  1491 | D:2      | 1491 ||| UPGRADING to ring of willpower.
  1492 | D:2      | 1492 ||| UPGRADING to +5 ring of evasion.
  1493 | D:2      | 1493 ||| DRINKING 3 yellow potions.
  1648 | D:3      | Reached skill level 3 in Fighting
  1648 | D:3      | Reached XP level 4. HP: 28/28 MP: 4/4
  1740 | D:3      | Found an ancient bone altar of Kikubaaqudgha.
  1815 | D:3      | Found a sacrificial altar of Ru.
  2274 | D:3      | 2274 ||| READING scroll labelled ALEHECH RADGH.
  2275 | D:3      | 2275 ||| READING scroll labelled PUDEKK LOIRAPA.
  2276 | D:3      | 2276 ||| READING scroll labelled EXZAMO BEL ZOE.
  2336 | D:4      | Noticed a scorpion
  2354 | D:4      | Killed a scorpion
  2355 | D:4      | Reached XP level 5. HP: 24/32 MP: 5/5
  2411 | D:4      | Reached skill level 6 in Ranged Weapons
  2531 | D:4      | Reached XP level 6. HP: 38/38 MP: 6/6
  2584 | D:4      | Found Seshrup's Weapon Shop.
  2602 | D:4      | Noticed Sigmund
  2627 | D:4      | Killed Sigmund
  2806 | D:4      | Reached XP level 7. HP: 43/44 MP: 7/7
  3083 | D:4      | 3083 ||| READING scroll labelled GODANU HUONU.
  3084 | D:4      | 3084 ||| DRINKING 2 golden potions.
  3085 | D:4      | 3085 ||| READING 2 scrolls of identify.
  3085 | D:4      | 3085 ||| IDENTIFYING bubbling puce potion
  3151 | D:5      | Entered Level 5 of the Dungeon
  3152 | D:5      | 3152 ||| PLANNING SEWER
  3162 | D:5      | Reached skill level 7 in Ranged Weapons
  3196 | D:5      | Noticed Grinder
  3197 | D:5      | Noticed Dowan
  3198 | D:5      | 3198 ||| FLEEEEING.
  3199 | D:5      | 3199 ||| Stepping ~*~*~tactically~*~*~ (outnumbered).
  3200 | D:5      | 3200 ||| FLEEEEING.
  3201 | D:5      | 3201 ||| FLEEEEING.
  3202 | D:5      | 3202 ||| Stepping ~*~*~tactically~*~*~ (outnumbered).
  3205 | D:5      | Paralysed by Grinder for 3 turns
  3210 | D:5      | 3210 ||| Stepping ~*~*~tactically~*~*~ (retreating).
  3212 | D:5      | 3212 ||| Stepping ~*~*~tactically~*~*~ (retreating).
  3213 | D:5      | 3213 ||| Stepping ~*~*~tactically~*~*~ (retreating).
  3240 | D:5      | 3240 ||| FLEEEEING.
  3241 | D:5      | 3241 ||| FLEEEEING.
  3250 | D:5      | Killed Grinder
  3251 | D:5      | Reached skill level 8 in Ranged Weapons
  3251 | D:5      | Reached XP level 8. HP: 23/50 MP: 8/8
  3251 | D:5      | Noticed Pikel
  3252 | D:5      | 3252 ||| FLEEEEING.
  3253 | D:5      | 3253 ||| FLEEEEING.
  3272 | D:5      | Killed Dowan
  3365 | D:5      | 3365 ||| FLEEEEING.
  3400 | D:5      | 3400 ||| Stepping ~*~*~tactically~*~*~ (retreating).
  3401 | D:5      | 3401 ||| Stepping ~*~*~tactically~*~*~ (retreating).
  3435 | D:5      | Killed Pikel
  3436 | D:5      | Reached skill level 10 in Ranged Weapons
  3514 | D:5      | Reached skill level 6 in Fighting
  3570 | D:5      | Noticed Duvessa
  3582 | D:5      | HP: 8/51 [Duvessa/+2 short sword of venom (9)]
  3582 | D:5      | Slain by Duvessa

Levels and vault maps discovered:
D:1:      beargit_arrival_diablo_church, layout_basic
D:2:      layout_basic, basic_altar
D:3:      layout_loops_cross, mainiacjoe_overflow_concentric_impassable,
          nicolae_ru_sacrificial_ziggurat, serial_glass, glass_columns_b,
          glass_columns_a
D:4:      layout_basic, chequers_mini_garden, nicolae_take_the_stairs,
          uniq_sigmund
D:5:      layout_basic, nemelex_dance_club_becter, portal_sewer_entry_b,
          gammafunk_ghost_stat_death, minmay_hedge_maze, uniq_duvessa,
          uniq_pikel, uniq_grinder

Skill      XL: |  1  2  3  4  5  6  7  8 |
---------------+-------------------------+-----
Ranged Weapons | 5 6 8 10 | 10.2
Armour         | 1 |  1.0
Fighting       | 3 5 6 |  6.0
Dodging        | 2 |  2.0
Stealth        | |  1.1

Action                     |  1- 3 |  4- 6 |  7- 9 || total
---------------------------+-------+-------+-------++-------
   Fire: Shortbow          |   150 |   181 |   155 ||   486
    Use: Scroll            |     6 |     3 |     2 ||    11
         Potion            |     1 |       |     1 ||     2
 Armour: Leather armour    |    28 |       |       ||    28
         Ring mail         |    13 |    48 |    95 ||   156
  Dodge: Dodged            |    44 |   100 |    99 ||   243

Table legend:
 A = Non-vault XP
 B = Vault XP
 C = Vault XP percentage of total XP
 D = Non-vault monster count
 E = Vault monster count
 F = Vault count percentage of total count
                 A         B        C        D         E       F
            +---------+---------+-------+---------+---------+-------
      Total |     937 |    1319 |  58.5 |      93 |       5 |   5.1
            +---------+---------+-------+---------+---------+-------
        D:1 |      45 |       0 |   0.0 |      26 |       0 |   0.0
        D:2 |      23 |       0 |   0.0 |      11 |       0 |   0.0
        D:3 |      44 |       0 |   0.0 |      23 |       0 |   0.0
        D:4 |     346 |     223 |  39.2 |      25 |       1 |   3.8
        D:5 |     479 |    1096 |  69.6 |       8 |       4 |  33.3
            +---------+---------+-------+---------+---------+-------
